 Dungeon Crawl Stone Soup version 0.27.1-33-g824d729ab1 (webtiles) character file.

Game seed: 6726279061091354717

70665 pkoi the Black Belt (level 14, -11/119 HPs)
             Began as a Black Draconian Monk on Dec 22, 2021.
             Was a High Priest of Okawaru.
             Mangled by Saint Roka (23 damage)
             ... on level 2 of the Orcish Mines.
             The game lasted 00:59:49 (33136 turns).

pkoi the Black Belt (Black Draconian Monk)         Turns: 33136, Time: 00:59:49

Health: -11/119    AC: 15    Str: 14    XL:     14   Next: 94%
Magic:  0/24       EV: 27    Int: 18    God:    Okawaru [*****.]
Gold:   1999       SH:  0    Dex: 22    Spells: 6/27 levels left

rFire    . . .     SeeInvis .     - Unarmed
rCold    . . .     Faith    .   (no shield)
rNeg     . . .     Spirit   +   (armour unavailable)
rPois    .         Reflect  .   L - +2 hat
rElec    +         Harm     .   B - +0 cloak of Darkness {Regen+ Int+3}
rCorr    .         Rampage  +   u - +0 pair of gloves
Will     +....     Clarity  +   c - +2 pair of boots {rampage}
Stlth    +++.......             K - amulet of guardian spirit
HPRegen  1.29/turn              n - +4 ring of evasion
MPRegen  0.19/turn              w - +6 ring of dexterity

@: silenced, heroic, finesse-ful, wereblooded, flying
A: breathe lightning, AC +8, unfitting armour, big wings, electricity
resistance, cold-blooded, agile 1, clarity
a: Breathe Lightning, Renounce Religion


You were on level 2 of the Orcish Mines.
You worshipped Okawaru.
Okawaru was extremely pleased with you.
You visited 5 branches of the dungeon, and saw 22 of its levels.
You also visited: Trove, Bailey and Gauntlet.

You collected 1999 gold pieces.

Inventory:

Hand Weapons
 b - a +4 shortbow of flaming
 F - a +2 shortbow of freezing
Missiles
 v - 306 arrows
 z - 5 curare-tipped darts
 A - 10 throwing nets
Armour
 c - a +2 pair of boots of rampaging (worn)
 g - a +2 cloak
 u - a +0 pair of gloves (worn)
 B - the +0 cloak of Darkness (worn) {Regen+ Int+3}
   (You found it in a Gauntlet)

   Int:       It affects your intelligence (+3).
   Regen:     It increases your rate of health regeneration.
 G - a +2 hat
 L - a +2 hat (worn)
Jewellery
 n - a +4 ring of evasion (left hand)
 r - a ring of ice
 t - a ring of willpower
 w - a +6 ring of dexterity (right hand)
 D - the ring "Lekkere" {Dex+4 SInv}
   (You took it off a minotaur in a Gauntlet)

   [ring of see invisible]

   Dex:       It affects your dexterity (+4).
   SInv:      It lets you see invisible.
 K - an amulet of guardian spirit (around neck)
Wands
 e - a wand of paralysis (20)
 j - a wand of mindburst (23)
 o - a wand of digging (6)
 q - a wand of charming (11)
 E - a wand of iceblast (33)
Scrolls
 a - 2 scrolls of fear
 d - 6 scrolls of enchant armour
 h - 4 scrolls of blinking
 i - 3 scrolls of teleportation
 k - 4 scrolls of identify
 m - a scroll of holy word
 p - a scroll of magic mapping
 s - 10 scrolls of fog
 y - a scroll of enchant weapon
 O - a scroll of silence
Potions
 f - a potion of cancellation
 l - 3 potions of heal wounds
 x - 13 potions of curing
 C - a potion of might
 I - a potion of haste
 J - 2 potions of berserk rage
 P - a potion of magic
Miscellaneous
 H - a box of beasts


   Skills:
 - Level 9.7(14.7) Fighting
 - Level 6.3(11.3) Bows
 - Level 8.7(13.7) Dodging
 - Level 1.7(6.7) Stealth
 + Level 16.1(21.1) Unarmed Combat
 + Level 7.1 Spellcasting
 + Level 3.0 Conjurations
 - Level 3.0 Hexes
 - Level 4.2 Translocations
 - Level 4.7 Transmutations
 + Level 10.7 Air Magic
 - Level 8.0 Invocations


You had 6 spell levels left.
You knew the following spells:

 Your Spells              Type           Power      Damage    Failure   Level
a - Gell's Gravitas       Tloc           10%        N/A       5%          3
b - Silence               Hex/Air        15%        N/A       19%         5
c - Airstrike             Air            22%        N/A       1%          4
d - Wereblood             Tmut           23%        N/A       2%          2
e - Apportation           Tloc           42%        N/A       1%          1
f - Conjure Ball Lightni  Conj/Air       15%        3x3d6     69%         6

Your spell library contained the following spells:

 Spells                   Type           Power      Damage    Failure   Level
 Beastly Appendage        Tmut           46%        N/A       1%          1
 Magic Dart               Conj           68%        1d6       3%          1
 Searing Ray              Conj           34%        3d4       4%          2
 Lesser Beckoning         Tloc           10%        N/A       5%          3
 Teleport Other           Tloc           21%        N/A       5%          3
 Dazzling Flash           Conj/Hex       34%        N/A       10%         3
 Sandblast                Erth           12%        2d6       11%         1
 Spider Form              Tmut/Pois      7%         N/A       12%         3
 Summon Lightning Spire   Summ/Air       25%        N/A       12%         4
 Conjure Flame            Conj/Fire      11%        6-21      17%         3
 Summon Guardian Golem    Hex/Summ       11%        N/A       17%         3
 Lightning Bolt           Conj/Air       15%        1d29      19%         5
 Fulminant Prism          Conj/Hex       8%         3d7       30%         4
 Frozen Ramparts          Ice            12%        1d3       32%         3
 Ice Form                 Ice/Tmut       15%        N/A       36%         4
 Summon Ice Beast         Ice/Summ       6%         N/A       71%         4
 Alistair's Intoxication  Tmut/Pois      10%        N/A       73%         5
 Agony                    Necr           6%         N/A       96%         5
 Dispersal                Tloc           10%        N/A       96%         6
 Invisibility             Hex            8%         N/A       99%         6
 Iron Shot                Conj/Erth      5%         9d2       100%        6


Dungeon Overview and Level Annotations

Branches:
Dungeon (12/15)            Temple (1/1) D:7            Lair (6/6) D:11
  Swamp (1/4) Lair:2        Snake (0/4) Lair:4        Slime (0/5) Lair:5
    Orc (2/2) D:11            Elf (0/3) Orc:2        Bailey (visited)
Gauntlet (visited)

Altars:
Ashenzari
Cheibriados
Dithmenos
Elyvilon
Fedhas
Gozag
Hepliaklqana
Kikubaaqudgha
Makhleb
Nemelex Xobeh
Okawaru
Qazlal
Ru
Sif Muna
Trog
Uskayaw
Vehumet
Wu Jian
Xom
Yredelemnul
Zin
The Shining One
Beogh

Shops:
D:4 (   D:9 [   Orc:2 :

Annotations:
Lair:6 exclusion: 4 oklob plants
Orc:2 Saint Roka


Innate Abilities, Weirdness & Mutations

You can breathe wild blasts of lightning.
Your glossy black scales are hard. (AC +8)
You cannot fit into any form of body armour.
Your large and strong wings let you fly.
You are resistant to electric shocks. (rElec)
You are cold-blooded and may be slowed by cold attacks.
You are agile. (Dex +2)
You possess an exceptional clarity of mind.


Message History

Unknown command.
You punch the orc!
You feel a bit better.
You kill the orc!
The orc sorcerer no longer looks unusually strong.
An orc wizard comes into view. It is wielding a +0 dagger.
An orc warrior comes into view. It is wielding a +0 trident.
Unknown command.
You pummel Saint Roka!!
You tail-slap Saint Roka, but do no damage.
Saint Roka is moderately wounded.
You hit Saint Roka but do no damage.
Saint Roka is moderately wounded.
Saint Roka hits you with a +3 great sword of distortion.
* * * LOW HITPOINT WARNING * * *
Space warps horribly around you!
* * * LOW HITPOINT WARNING * * *
You hit Saint Roka but do no damage.
Saint Roka is moderately wounded.
Unknown command.
You completely miss Saint Roka. You punch Saint Roka, but do no damage.
Saint Roka is moderately wounded.
The orc priest calls down the wrath of Beogh upon you.
Beogh smites you!
* * * LOW HITPOINT WARNING * * *
You hit Saint Roka but do no damage.
Saint Roka is moderately wounded.
Saint Roka hits you with a +3 great sword of distortion.
* * * LOW HITPOINT WARNING * * *
Space bends around you.
* * * LOW HITPOINT WARNING * * *
Unknown command.
The orc priest no longer looks unusually strong.
The orc warrior no longer looks unusually strong.
The orc wizard points at you and mumbles some strange words.
The puff of flame hits you!
* * * LOW HITPOINT WARNING * * *
The orc warrior closely misses you.
You see here an arrow.
Saint Roka hits you with a +3 great sword of distortion!!
You die...

# ##...... ... #.......
#.....##.. ####.....#
.#.....#.. ##.........
.......... ##.#........
.........###### #......<[...
.......(....8.###..#.####)..
.......o).(.((#......## #.[.
...._o.oooo@..........# ##..
o....o....o..........## #.[
o...........8......### ###
....o....#####....## #[
.......... #......# ####.
.#.....#... #.....## ##....
#.....##...##..### ##.....
#8...8# #...#.## ##......
#.....# #.∩### ###......#


You could see Saint Roka, an orc sorcerer, 3 orc warriors, 2 orc priests and 2
orc wizards.

Vanquished Creatures
  Gastronok (Lair:2)
  A fenstrider witch (Lair:2)
  An orc warlord (Orc:2)
  A minotaur (Gauntlet)
  An ettin (Orc:1)
  A boulder beetle (Lair:4)
  7 hydras
  5 two-headed ogres
  2 large abominations (Gauntlet)
  2 orc high priests
  Sonja (D:10)
  A spriggan druid (Swamp:1)
  Pikel (D:8)
  A phantasmal warrior (D:10)
  7 orc knights
  A necromancer (Gauntlet)
  A wolf spider (Lair:6)
  3 orc sorcerers
  13 elephants
  3 cyclopes
  2 manticores
  11 black mambas
  2 guardian serpents
  A gargoyle (D:9)
  An eye of devastation (Gauntlet)
  21 cane toads
  A rime drake (Lair:1)
  7 komodo dragons
  8 trolls
  10 blink frogs
  A slime creature (D:10)
  7 polar bears
  2 tyrant leeches (Swamp:1)
  3 hornets (Lair:6)
  A redback (Lair:6)
  2 vampires
  11 wyverns
  A golden eye (Gauntlet)
  A basilisk (Lair:5)
  26 yaks
  Menkaure (D:6)
  2 vampire mosquitoes (D:10)
  2 acid dragons
  2 wargs (Orc:2)
  3 small abominations (Gauntlet)
  24 water moccasins
  A floating eye (Gauntlet)
  35 orc warriors
  3 sky beasts
  A hornet zombie (D:6)
  An ice beast (D:7)
  2 black bears
  5 ogres
  6 necrophages
  18 wolves
  4 centaurs
  A lemure (D:8)
  7 kobold brigands
  11 bullfrogs
  10 gnoll sergeants
  2 wyvern zombies
  5 scorpions
  A wyvern skeleton (D:7)
  2 water moccasin skeletons (D:5)
  8 killer bees
  8 wights (D:9)
  2 vampire bats (D:5)
  5 howler monkeys
  3 centaur zombies
  A bullfrog zombie (D:5)
  6 gnoll shamans (Bailey)
  2 jellies
  A bullfrog skeleton (D:7)
  16 orc priests
  2 centaur skeletons
  4 hounds
  Natasha (thrice) (D:3)
  2 iguanas
  18 orc wizards
  A hound skeleton (D:4)
  A howler monkey zombie (D:8)
  Robin (D:3)
  A howler monkey skeleton (D:4)
  19 gnolls
  9 adders
  A white imp (D:8)
  2 worms
  3 dart slugs
  63 orcs
  9 ball pythons
  4 bat skeletons (D:5)
  A bat zombie (D:5)
  7 endoplasms
  6 giant cockroaches
  22 goblins
  6 hobgoblins
  2 jackals (D:4)
  19 kobolds
  5 quokkas
  A bat (D:1)
  6 frilled lizards
  5 rats
  A butterfly (Lair:3)
598 creatures vanquished.

Vanquished Creatures (others)
  2 kobolds (D:12)
  39 fungi
  100 plants
141 creatures vanquished.

Grand Total: 739 creatures vanquished

Notes
Turn   | Place    | Note
-------+----------+-------------------------------------------
     0 | D:1      | pkoi the Draconian Monk began the quest for the Orb.
     0 | D:1      | Reached XP level 1. HP: 19/19 MP: 1/1
   366 | D:1      | Reached XP level 2. HP: 25/26 MP: 2/2
   841 | D:1      | Reached skill level 4 in Unarmed Combat
  1073 | D:2      | Reached XP level 3. HP: 31/31 MP: 3/3
  2031 | D:3      | Reached XP level 4. HP: 38/38 MP: 4/4
  2252 | D:3      | Noticed Natasha
  2261 | D:3      | Killed Natasha
  2262 | D:3      | Reached skill level 5 in Unarmed Combat
  2314 | D:3      | Noticed Robin
  2320 | D:3      | Noticed Natasha
  2332 | D:3      | Killed Natasha
  2333 | D:3      | Reached XP level 5. HP: 32/45 MP: 5/5
  2338 | D:3      | Killed Robin
  2555 | D:3      | Noticed Natasha
  2570 | D:3      | Killed Natasha
  2571 | D:3      | Reached skill level 6 in Unarmed Combat
  3058 | D:4      | Gained mutation: You are agile. (Dex +2) [potion of
                  | mutation]
  3058 | D:4      | Gained mutation: You possess an exceptional clarity of
                  | mind. [potion of mutation]
  3058 | D:4      | Gained mutation: Your large and strong wings let you fly.
                  | [potion of mutation]
  3066 | D:4      | Reached XP level 6. HP: 43/51 MP: 6/6
  3151 | D:4      | Reached skill level 7 in Unarmed Combat
  3557 | D:4      | Found Cauhet's Weapon Shop.
  3969 | D:4      | You are sucked into a shaft and drop 3 floors!
  3983 | D:7      | Noticed an ice beast
  4016 | D:7      | Killed an ice beast
  4017 | D:7      | Reached skill level 8 in Unarmed Combat
  4017 | D:7      | Your scales start taking on a glossy black colour.
  4017 | D:7      | Reached XP level 7. HP: 36/57 MP: 7/7
  4017 | D:7      | Gained mutation: You are resistant to electric shocks.
                  | (rElec) [Black Draconian growth]
  4253 | D:7      | Found a staircase to the Ecumenical Temple.
  4267 | Temple   | Entered the Ecumenical Temple
  4465 | Temple   | Became a worshipper of Warmaster Okawaru
  4465 | Temple   | Reached * piety under Okawaru
  4465 | Temple   | Reached ** piety under Okawaru
  4479 | D:7      | Learned a level 3 spell: Gell's Gravitas
  4619 | D:7      | Reached skill level 1 in Invocations
  5187 | D:7      | Reached skill level 9 in Unarmed Combat
  5187 | D:7      | Reached XP level 8. HP: 66/66 MP: 9/9
  5628 | D:5      | Entered Level 5 of the Dungeon
  6243 | D:5      | Reached *** piety under Okawaru
  6244 | D:5      | Reached skill level 1 in Bows
  6707 | D:5      | Found an ancient bone altar of Kikubaaqudgha.
  6778 | D:5      | Reached skill level 5 in Fighting
  6904 | D:5      | Identified the +7 trident of pkoi's Slow Death {freeze, rN+
                  | Will- Int+3}
  7233 | D:5      | Reached XP level 9. HP: 74/74 MP: 11/11
  7243 | D:5      | Reached skill level 10 in Unarmed Combat
  7586 | D:6      | Noticed a two-headed ogre
  8333 | D:6      | Killed a two-headed ogre
  8333 | D:6      | Reached **** piety under Okawaru
  8333 | D:6      | Received a gift from Okawaru
  8334 | D:6      | Reached skill level 5 in Dodging
  8518 | D:6      | Noticed Menkaure
  8529 | D:6      | Killed Menkaure
  8529 | D:6      | Received a gift from Okawaru
  8530 | D:6      | Reached skill level 5 in Invocations
  9118 | D:6      | Identified the +7 whip "Spiderslayer" {vorpal, +Blink MP+9}
  9178 | D:6      | Found an ornate altar of the Wu Jian Council.
  9618 | D:8      | Noticed a two-headed ogre
  9630 | D:8      | Killed a two-headed ogre
  9630 | D:8      | Reached ***** piety under Okawaru
  9631 | D:8      | Reached skill level 11 in Unarmed Combat
  9631 | D:8      | Reached XP level 10. HP: 62/84 MP: 11/14
  9812 | D:8      | Found a snail-covered altar of Cheibriados.
 10377 | D:8      | Noticed Pikel
 10396 | D:8      | Killed Pikel
 10396 | D:8      | Received a gift from Okawaru
 10481 | D:8      | Learned a level 5 spell: Silence
 10885 | D:9      | Noticed a gargoyle
 10897 | D:9      | Killed a gargoyle
 11050 | D:9      | You are sucked into a shaft and drop 1 floor!
 11050 | D:10     | Entered Level 10 of the Dungeon
 11302 | D:9      | Reached skill level 1 in Air Magic
 11306 | D:9      | Reached skill level 1 in Translocations
 11315 | D:9      | Reached skill level 1 in Spellcasting
 11315 | D:9      | Reached skill level 1 in Hexes
 11642 | D:9      | Noticed a two-headed ogre
 11655 | D:9      | Killed a two-headed ogre
 11668 | D:9      | Noticed a two-headed ogre
 11685 | D:9      | Reached XP level 11. HP: 54/92 MP: 15/15
 11701 | D:9      | Killed a two-headed ogre
 11701 | D:9      | Received a gift from Okawaru
 12255 | D:9      | Found a sacrificial altar of Ru.
 12338 | D:9      | Found Xaloyzodd's Antique Armour Shoppe.
 12674 | D:10     | Noticed Sonja
 12706 | D:10     | Killed Sonja
 12922 | D:10     | Noticed a phantasmal warrior
 12932 | D:10     | Killed a phantasmal warrior
 12933 | D:10     | Reached skill level 12 in Unarmed Combat
 13057 | D:10     | Learned a level 4 spell: Airstrike
 13090 | D:10     | Reached skill level 5 in Bows
 13394 | D:10     | Found the +3 pair of seven-league boots {Rampage+∞}
 14175 | D:11     | Got the Grimoire of Ashen Translocation
 14209 | D:11     | Found a portal to a secret trove of treasure.
 14260 | D:11     | Found a flagged portal.
 14301 | Bailey   | Entered a bailey
 16007 | D:11     | Found a staircase to the Lair.
 16128 | D:11     | Received a gift from Okawaru
 16312 | D:11     | Noticed a two-headed ogre
 16323 | D:11     | Killed a two-headed ogre
 16324 | D:11     | Reached XP level 12. HP: 95/102 MP: 17/17
 16369 | D:11     | Found a staircase to the Orcish Mines.
 16813 | D:11     | Reached skill level 5 in Air Magic
 17141 | Lair:1   | Entered Level 1 of the Lair of Beasts
 17161 | Lair:1   | Noticed an eight-headed hydra
 18349 | Lair:1   | Killed an eight-headed hydra
 18349 | Lair:1   | Identified the +2 buckler of Okawaru's Hope {-Tele Fly rC+}
                  | (Okawaru gifted it to you on level 1 of the Lair of Beasts)
 18349 | Lair:1   | Received a gift from Okawaru
 18920 | Lair:2   | Reached skill level 13 in Unarmed Combat
 18922 | Lair:2   | Noticed a six-headed hydra
 18938 | Lair:2   | Killed a six-headed hydra
 19427 | Lair:2   | Noticed a seven-headed hydra
 19440 | Lair:2   | Killed a seven-headed hydra
 19640 | Lair:2   | Found a staircase to the Swamp.
 20117 | Lair:2   | Noticed a four-headed hydra
 20126 | Lair:2   | Killed a four-headed hydra
 20487 | Lair:2   | Noticed Gastronok
 20518 | Lair:2   | Killed Gastronok
 20519 | Lair:2   | Reached skill level 5 in Spellcasting
 20519 | Lair:2   | Reached XP level 13. HP: 74/111 MP: 12/20
 22634 | Lair:4   | Identified the +1 ring mail of the Hills {rElec Dex+3}
 22763 | Lair:2   | Identified the +0 ring mail of the Tanner {Regen+ Dex+5}
 22915 | D:10     | Identified the +6 chain mail of Huagh {rElec}
 23112 | Lair:4   | Found a staircase to the Snake Pit.
 23299 | Lair:4   | Learned a level 2 spell: Wereblood
 23311 | Lair:4   | Identified the +11 flail "Killer Bee's Doom" {elec, SInv}
 23336 | Lair:4   | Received a gift from Okawaru
 23521 | Lair:4   | Reached skill level 14 in Unarmed Combat
 23721 | Lair:5   | Reached skill level 1 in Transmutations
 23816 | Lair:5   | Found a staircase to the Slime Pits.
 25063 | Lair:6   | Entered Level 6 of the Lair of Beasts
 26848 | Lair:6   | Learned a level 1 spell: Apportation
 26972 | Lair:6   | Mutation became permanent: Your large and strong wings let
                  | you fly. [Black Draconian growth]
 26972 | Lair:6   | Gained mutation: Your large and strong wings let you fly.
                  | [Black Draconian growth]
 26972 | Lair:6   | Reached XP level 14. HP: 119/119 MP: 10/23
 27329 | Lair:6   | Received a gift from Okawaru
 27409 | Lair:6   | Reached skill level 15 in Unarmed Combat
 28415 | D:11     | You paid a toll of 13 scrolls of teleportation to enter a
                  | treasure trove
 28416 | Trove    | Entered a treasure trove
 28918 | D:12     | Found a gate leading to a gauntlet.
 28929 | Gauntlet | Entered a Gauntlet
 28929 | Gauntlet | Found a transporter.
 28929 | Gauntlet | Found a transporter.
 28929 | Gauntlet | Found a transporter.
 28950 | Gauntlet | Found a transporter.
 28953 | Gauntlet | Found a transporter.
 28959 | Gauntlet | Found a runed translucent gate.
 28959 | Gauntlet | Found a runed translucent gate.
 28959 | Gauntlet | Found a runed translucent gate.
 28961 | Gauntlet | Found a transporter.
 28964 | Gauntlet | Found a transporter.
 28972 | Gauntlet | Found a transporter.
 28992 | Gauntlet | Found a transporter.
 29013 | Gauntlet | Found a transporter.
 29014 | Gauntlet | Found a transporter.
 29025 | Gauntlet | Found a transporter.
 29252 | Gauntlet | Paralysed by a floating eye for 3 turns
 29258 | Gauntlet | Paralysed by a floating eye for 2 turns
 29274 | Gauntlet | Got the Catalogue of Enchantment and Conjuration
 29319 | Gauntlet | Identified the +0 cloak of Darkness {Regen+ Int+3}
 29444 | Gauntlet | Identified the ring "Lekkere" {Dex+4 SInv}
 29687 | D:12     | Learned a level 6 spell: Conjure Ball Lightning
 30066 | Swamp:1  | Entered Level 1 of the Swamp
 30066 | Swamp:1  | Noticed a fenstrider witch
 30084 | Lair:2   | Killed a fenstrider witch
 30589 | Orc:1    | Entered Level 1 of the Orcish Mines
 30745 | Orc:1    | Reached skill level 10 in Air Magic
 30986 | Orc:1    | Reached skill level 1 in Conjurations
 30989 | Orc:1    | Received a gift from Okawaru
 31365 | Orc:2    | Entered Level 2 of the Orcish Mines
 31759 | Orc:2    | Noticed an orc warlord
 31784 | Orc:2    | Killed an orc warlord
 31784 | Orc:2    | Received a gift from Okawaru
 31785 | Orc:2    | Reached skill level 16 in Unarmed Combat
 31990 | Orc:2    | Found a staircase to the Elven Halls.
 32250 | Orc:1    | Received a gift from Okawaru
 32463 | Orc:2    | Noticed Saint Roka
 33120 | Orc:2    | Found Neruesut's Book Shoppe.
 33136 | Orc:2    | Mangled by Saint Roka

Illustrated notes

Levels and vault maps discovered:
D:1:      co_arrival_random_square_maze, layout_basic
D:2:      layout_rooms, wander_ebering_terrifying_dragon_lair
D:3:      layout_basic, uniq_natasha, uniq_robin
D:4:      layout_loops_cross, serial_shops, nicolae_shop_behind_doors
D:5:      minmay_recursive_quarters, layout_basic, kennysheep_vampire_church
D:6:      layout_gridville, lemuel_doored_altar, uniq_menkaure
D:7:      layout_basic, minmay_temple_entry_offerings
D:8:      layout_loops_corners, cheibriados_altar_1, uniq_pikel
D:9:      layout_loops_ring, kennysheep_mini_moat, serial_shops,
          nicolae_diamond_shop
D:10:     layout_loops_ring, hellmonk_guarded_unrand_seven_league_boots,
          uniq_sonja
D:11:     layout_loops_ring, david_lair_shrubbed,
          kennysheep_orc_monster_closet_entryway,
          portal_ice_cave_entry_pillars_1, enter_bailey_5,
          nicolae_trove_entry_crystal
D:12:     layout_gridville, serial_undead, serial_undead_d, serial_undead_f,
          serial_undead_e, serial_undead_b, serial_undead_e, serial_undead_b,
          serial_undead_a, serial_undead_d, gauntlet_entry_generic,
          vehumet_crystals, uniq_jorgrun
Temple:   eino_narrow_crystal_temple
Lair:1:   layout_regular_city, beast_lair_carwin_2
Lair:2:   layout_layer_cave, swamp_mist_pool, grunt_megastairs_3, uniq_gastronok
Lair:3:   layout_cave_pods, minivault_27, chequers_serial_rivers_micro_b,
          serial_bayou_lagoon_a, infiniplex_staircase_pool_2,
          lemuel_fruit_fields
Lair:4:   layout_misc_corridors, minmay_snake_entry_six_corridors
Lair:5:   layout_cave_pods, slime_dummy, grunt_megastairs_2
Lair:6:   hangedman_lair_tendril_chambers, layout_loops_ring,
          cheibrodos_lair_lostbears, minmay_lair_oklob_chamber
Swamp:1:  layout_basic_swamp, wheals_swamp_sinkhole, hangedman_swamp_wriggling
Orc:1:    nicolae_orc_accident_1, layout_diamond_mine, uniq_urug
Orc:2:    grunt_orc_cross, layout_diamond_mine

Skill      XL: |  1  2  3  4  5  6  7  8  9 10 11 12 13 14 |
---------------+-------------------------------------------+-----
Unarmed Combat | 4 5 6 8 9 11 12 13 14 16 | 16.1
Dodging        | 3 4 5 6 7 8 |  8.7
Invocations    | 2 3 5 6 7 8 |  8.0
Fighting       | 4 5 6 7 8 9 |  9.7
Bows           | 1 3 4 5 6 |  6.3
Air Magic      | 2 4 6 9 10 | 10.7
Translocations | 2 3 4 |  4.2
Spellcasting   | 1 3 5 6 7 |  7.1
Hexes          | 2 3 |  3.0
Transmutations | 3 4 |  4.7
Conjurations   | 3 |  3.0
Stealth        | |  1.7

Action                   |  1- 3 |  4- 6 |  7- 9 | 10-12 | 13-15 || total
-------------------------+-------+-------+-------+-------+-------++-------
Melee: Unarmed           |   164 |   202 |   249 |   720 |   981 ||  2316
       Tailslap          |    19 |    23 |    57 |   152 |   183 ||   434
       Punch             |     4 |     6 |    14 |    68 |   117 ||   209
       Trident           |       |       |    20 |       |       ||    20
 Fire: Shortbow          |       |       |     9 |   328 |   377 ||   714
Throw: Boomerang         |       |     3 |       |       |       ||     3
 Cast: Airstrike         |       |       |       |       |    27 ||    27
       Gell's Gravitas   |       |       |       |       |     2 ||     2
       Silence           |       |       |       |       |     2 ||     2
       Wereblood         |       |       |       |       |    10 ||    10
Invok: Heroism           |       |       |     3 |    21 |    35 ||    59
       Finesse           |       |       |       |       |     1 ||     1
 Abil: Breathe Lightning |       |       |     1 |     1 |     2 ||     4
Evoke: Wand              |       |       |       |     2 |       ||     2
  Use: Potion            |       |     6 |       |       |       ||     6
       Scroll            |       |       |    14 |     5 |     7 ||    26
 Stab: Sleeping          |     3 |     1 |     8 |       |       ||    12
       Distracted        |       |       |       |     2 |     1 ||     3
Armor: Skin              |    43 |    49 |    63 |    99 |   223 ||   477
Dodge: Dodged            |    90 |   111 |   220 |   576 |  1039 ||  2036
